 Dungeon Crawl Stone Soup version 0.31-a0-968-g24f9ace8b5 (webtiles) character file.

Game seed: 17852535969719501856

24798 Gladio the Basher (level 12, -17/111 HPs)
             Began as an Armataur Fighter on Oct 27, 2023.
             Was an Elder of the Shining One.
             Demolished by an azure jelly (35 damage)
             ... in an ice cave.
             The game lasted 00:21:18 (12311 turns).

Gladio the Basher (Armataur Fighter)               Turns: 12311, Time: 00:21:19

Health: -17/111    AC: 20    Str: 26    XL:     12   Next: 83%
Magic:  26/26      EV:  4    Int:  7    God:    the Shining One [****..]
Gold:   679        SH: 15    Dex:  9    Spells: 11/11 levels left

rFire   . . .        J - +4 flail (heavy)
rCold   . . .        B - +0 tower shield
rNeg    + + .        w - +0 plate armour
rPois   .            V - +0 helmet
rElec   .            (no cloak)
rCorr   +            C - +0 pair of gloves
SInv    .            (no barding)
Will    +....        n - amulet of the acrobat Stlth
                     e - +4 ring of protection
HPRegen 0.38/turn    i - ring "Sabbigar" {Will+ rCorr MP+9 Int-3 Slay+3}
MPRegen 0.20/turn

%: acrobat, roll
@: mighty, glowing
A: large, rugged brown scales 3, deformed body, armoured tail, roll, long
tongue, awkward tongue
a: Renounce Religion, Divine Shield, Cleansing Flame


You were in an ice cave.
You worshipped the Shining One.
The Shining One was greatly pleased with you.
You visited 3 branches of the dungeon, and saw 14 of its levels.
You also visited: Bailey and Ice Cave.

You collected 884 gold pieces.
You spent 205 gold pieces at shops.

Inventory:

Hand Weapons
 a - a +0 flail
 J - a +4 heavy flail (weapon)
 O - a +0 hand axe of flaming
Missiles
 E - 32 poisoned darts
 M - a throwing net
 N - 33 boomerangs (quivered)
Armour
 b - a +0 scale mail
 c - a +0 buckler
 u - a +0 chain mail
 w - a +0 plate armour (worn)
 B - a +0 tower shield (worn)
 C - a +0 pair of gloves (worn)
 U - a +1 hat
 V - a +0 helmet (worn)
Jewellery
 e - a +4 ring of protection (left hand)
 h - a ring of protection from fire
 i - the ring "Sabbigar" (right hand) {Will+ rCorr MP+9 Int-3 Slay+3}
   (You acquired it on level 4 of the Dungeon)

   [ring of magical power]

   Int-3:     It affects your intelligence (-3).
   Slay+3:    It affects your accuracy & damage with ranged weapons and melee
   (+3).
   Will+:     It increases your willpower.
   MP+9:      It affects your magic capacity (+9).
   rCorr:     It protects you from acid and corrosion.
 j - a ring of fire
 l - a +6 ring of strength
 n - an amulet of the acrobat (around neck)
 p - a ring of willpower
 v - an amulet of faith
 D - a ring of wizardry
 F - a +5 ring of evasion
 G - a ring of poison resistance
 T - a ring of flight
 X - a +6 ring of strength
Wands
 L - a wand of charming (14)
Scrolls
 o - 3 scrolls of poison
 q - 3 scrolls of blinking
 x - a scroll of immolation {unknown}
 y - 5 scrolls of teleportation
 A - 2 scrolls of fog
 H - a scroll of enchant armour
 K - a scroll of fear
 P - 2 scrolls of noise
 Q - a scroll of vulnerability {unknown}
 W - 3 scrolls of enchant weapon
 Y - a scroll of revelation {unknown}
 Z - a scroll of silence {unknown}
Potions
 d - 2 potions of might
 f - 11 potions of curing
 g - 2 potions of heal wounds
 k - a potion of magic {unknown}
 m - 2 potions of cancellation
 r - 2 potions of resistance
 s - a potion of ambrosia
 t - 4 potions of enlightenment
 z - a potion of attraction {unknown}
 I - a potion of haste
 S - a potion of degeneration


   Skills:
 + Level 9.1 Fighting
 * Level 12.3 Maces & Flails
 + Level 11.7 Armour
 + Level 10.6 Shields
 + Level 7.0 Invocations


You had 11 spell levels left.
You didn't know any spells.
Your spell library contained the following spells:

 Spells                   Type           Power      Damage    Failure   Level
 Kiss of Death            Conj/Necr      0%         2d5       100%        1
 Sting                    Tmut/Pois      0%         1d3       100%        1
 Cigotuvi's Dreadful Rot  Necr/Pois/Air  0%         N/A       100%        2
 Poisonous Vapours        Pois/Air       0%         N/A       100%        2
 Confusing Touch          Hex            0%         N/A       100%        3
 Ignite Poison            Fire/Tmut/Pois 0%         N/A       100%        3
 Inner Flame              Hex/Fire       0%         N/A       100%        3
 Dispel Undead            Necr           0%         3d6       100%        4
 Leda's Liquefaction      Hex/Erth       0%         N/A       100%        4
 Manifold Assault         Tloc           0%         N/A       100%        4
 Olgreb's Toxic Radiance  Pois           0%         N/A       100%        4
 Freezing Cloud           Conj/Ice/Air   0%         6-21      100%        5
 Lee's Rapid Deconstruct  Erth           0%         3d4*      100%        5
 Yara's Violent Unravell  Hex/Tmut       0%         3d3       100%        5
 Bombard                  Conj/Erth      0%         9d1       100%        6
 Dispersal                Tloc           0%         N/A       100%        6
 Simulacrum               Ice/Necr       0%         N/A       100%        6
 Enfeeble                 Hex            0%         N/A       100%        7
 Ozocubu's Refrigeration  Ice            0%         4d7       100%        7
 Disjunction              Tloc           0%         N/A       100%        8
 Polar Vortex             Ice            0%         N/A       100%        9


Dungeon Overview and Level Annotations

Branches:
Dungeon (11/15)            Temple (1/1) D:5            Lair (2/5) D:11
    Orc (0/2) D:11         Bailey (visited)           IceCv (1/1)
  Swamp: Lair:2-3    Shoals: Lair:2-3     Snake: Lair:2-3    Spider: Lair:2-3

Altars:
Ashenzari
Cheibriados
Dithmenos
Elyvilon
Fedhas
Gozag
Hepliaklqana
Kikubaaqudgha
Makhleb
Nemelex Xobeh
Okawaru
Qazlal
Ru
Sif Muna
Trog
Uskayaw
Vehumet
Wu Jian
Xom
Yredelemnul
Zin
The Shining One

Shops:
D:4 ?   D:6 !

Portals:
Trove: D:11 (give 13 scrolls of teleportation)


Innate Abilities, Weirdness & Mutations

You are completely covered in rugged brown scales. (AC +3, +7% HP)
Armour fits poorly on your strangely shaped body.
You have a long armoured tail.
You roll when moving toward enemies. (Rampage)
Your long tongue fully drains potion bottles. (2x potion effects)
Your tongue gives you trouble enunciating. (1.5x scroll delay)


Message History

Press: ? - help, Q - select action, (/) - cycle Shift-Dir - straight line, f/p - azure jelly
Aim: an azure jelly (haloed, 79% to hit)
You throw a boomerang. The boomerang hits the azure jelly!
The azure jelly is lightly wounded.
Throw: 33 boomerangs
Press: ? - help, Q - select action, (/) - cycle Shift-Dir - straight line, f/p - azure jelly
Aim: an azure jelly (lightly wounded, haloed, 79% to hit)
You throw a boomerang.
The boomerang barely misses the azure jelly.
You feel very mighty all of a sudden.
You slurp down every last drop of the potion of might!
The azure jelly hits you but does no damage.
You block the azure jelly's attack. x2
The azure jelly hits you but does no damage.
An azure jelly comes into view.
You crush the azure jelly like a grape!!!
The azure jelly is heavily wounded.
The azure jelly hits you but does no damage.
You block the azure jelly's attack. The azure jelly hits you.
You block the azure jelly's attack.
The azure jelly hits you but does no damage.
The azure jelly hits you! The azure jelly freezes you!!
The azure jelly hits you but does no damage.
The azure jelly barely misses you.
You barely miss the azure jelly.
The azure jelly is heavily wounded.
The azure jelly hits you. The azure jelly freezes you!
You block the azure jelly's attack.
The azure jelly hits you but does no damage.
You block the azure jelly's attack.
You bludgeon the azure jelly!!
Your tail-slap misses the azure jelly.
The azure jelly is severely wounded.
You block the azure jelly's attack. The azure jelly hits you!
The azure jelly freezes you!!
* * * LOW HITPOINT WARNING * * *
The azure jelly completely misses you. You block the azure jelly's attack.
The azure jelly hits you.
* * * LOW HITPOINT WARNING * * *
The azure jelly freezes you!!
You die...

###.........#
###....########
########.## ###.......#
#####.#####.......###
##...............###
####...........######.
##........####### #...
##.......##########.....
#.....####.............#
#..............#@JJ.....
#.....####.....###.....#
##......###.....## #....
###.............# ...
###.........### #.
###########


You could see 2 azure jellies.

Vanquished Creatures
  2 quicksilver oozes (IceCv)
  A rakshasa (D:11)
  Erica (D:10)
  2 two-headed ogres
  9 death yaks
  Amaemon (Lair:1)
  An ugly thing (D:11)
  2 ice statues (IceCv)
  3 cane toads (Lair:1)
  An orange demon (Lair:1)
  A rime drake (Lair:1)
  2 ice devils (Lair:2)
  3 trolls
  Prince Ribbit (D:7)
  5 blink frogs (Lair:1)
  A shadow (D:10)
  6 slime creatures (IceCv)
  A wraith (D:11)
  A wyvern (D:9)
  15 yaks
  3 steam dragons
  3 acid dragons
  9 water moccasins
  6 great orb of eyes simulacra (IceCv)
  An ice beast (D:5)
  9 orc warriors
  A sky beast (D:6)
  A black bear (Lair:2)
  4 wolves (Lair:1)
  A slime creature simulacrum (IceCv)
  5 centaurs
  3 kobold brigands
  2 phantoms
  11 bullfrogs
  5 glowing shapeshifter simulacra (IceCv)
  3 scorpions (D:5)
  6 killer bees
  A crimson imp (D:5)
  2 gnoll boudas
  3 hounds
  2 jellies
  7 orc priests
  2 iguanas
  2 hell rats
  8 orc wizards
  A sleepcap (D:7)
  A shapeshifter simulacrum (IceCv)
  11 gnolls
  5 adders
  3 river rats (D:11)
  2 shadow imps
  A white imp (D:8)
  2 ufetubi (D:5)
  2 dart slugs (D:1)
  32 orcs
  4 bats
  6 endoplasms
  4 giant cockroaches
  15 goblins
  7 hobgoblins
  2 jackals (D:1)
  6 quokkas
  3 ball pythons
  2 frilled lizards (D:1)
  37 kobolds
  6 rats
311 creatures vanquished.

Notes
Turn   | Place    | Note
-------+----------+-------------------------------------------
     0 | D:1      | Gladio the Armataur Fighter began the quest for the Orb.
     0 | D:1      | Reached XP level 1. HP: 19/19 MP: 1/1
    89 | D:1      | Reached skill level 2 in Maces & Flails
   139 | D:1      | Reached XP level 2. HP: 18/26 MP: 2/2
   522 | D:1      | Reached XP level 3. HP: 33/33 MP: 3/3
  1400 | D:3      | Reached XP level 4. HP: 40/40 MP: 4/4
  1590 | D:3      | Reached skill level 3 in Maces & Flails
  2276 | D:4      | Reached XP level 5. HP: 32/48 MP: 5/5
  3292 | D:4      | Found Wudoc's Magic Scroll Emporium.
  3295 | D:4      | Bought a scroll of teleportation for 39 gold pieces
  3295 | D:4      | Bought a scroll of identify for 26 gold pieces
  3299 | D:4      | Identified a scroll of acquirement
  3301 | D:4      | Acquired the ring "Sabbigar" {Will+ rCorr MP+9 Int-3
                  | Slay+3}
  3421 | D:5      | Entered Level 5 of the Dungeon
  3429 | D:5      | Identified the +0 ring mail of Marbles {-Cast +Inv Will+}
  3441 | D:5      | Reached skill level 4 in Maces & Flails
  3441 | D:5      | Reached XP level 6. HP: 40/55 MP: 6/6
  3542 | D:5      | Reached skill level 5 in Armour
  3732 | D:5      | Reached XP level 7. HP: 63/63 MP: 7/7
  3814 | D:5      | Found a burning altar of Makhleb.
  3815 | D:5      | Found a shimmering altar of Xom.
  3818 | D:5      | Reached skill level 5 in Shields
  3849 | D:5      | Found a staircase to the Ecumenical Temple.
  3865 | D:5      | Reached skill level 5 in Maces & Flails
  3887 | Temple   | Entered the Ecumenical Temple
  3896 | Temple   | Became a worshipper of the Shining One
  4260 | D:6      | Noticed a yak
  4263 | D:6      | Noticed a yak
  4268 | D:6      | Noticed a yak
  4269 | D:6      | Killed a yak
  4269 | D:6      | Noticed a yak
  4270 | D:6      | Killed a yak
  4271 | D:6      | Reached XP level 8. HP: 71/71 MP: 8/8
  4296 | D:6      | Reached skill level 5 in Fighting
  4296 | D:6      | Reached skill level 6 in Maces & Flails
  4327 | D:6      | Found Uclisan's Distillery.
  4344 | D:6      | Bought a potion of heal wounds for 50 gold pieces
  4344 | D:6      | Bought a potion of heal wounds for 50 gold pieces
  4344 | D:6      | Bought a potion of might for 40 gold pieces
  4489 | D:6      | Reached skill level 7 in Maces & Flails
  4489 | D:6      | Reached XP level 9. HP: 67/79 MP: 9/9
  4603 | D:6      | Found an ancient bone altar of Kikubaaqudgha.
  5051 | D:7      | Noticed Prince Ribbit
  5083 | D:7      | Killed Prince Ribbit
  5324 | D:7      | Reached * piety under the Shining One
  5706 | D:7      | Found a white marble altar of Elyvilon.
  5706 | D:7      | Found a stormy altar of Qazlal.
  5725 | D:8      | Found a snail-covered altar of Cheibriados.
  5815 | D:8      | Noticed a two-headed ogre
  5819 | D:8      | Killed a two-headed ogre
  5820 | D:8      | Reached skill level 8 in Maces & Flails
  5820 | D:8      | Reached skill level 1 in Invocations
  6388 | D:9      | Reached XP level 10. HP: 73/89 MP: 11/11
  6659 | D:9      | Reached skill level 9 in Maces & Flails
  6902 | D:9      | Found a broken altar of Ashenzari.
  7064 | D:9      | Found an iron altar of Okawaru.
  7067 | D:9      | Found a bloodstained altar of Trog.
  7070 | D:9      | Found a blossoming altar of Fedhas.
  7126 | D:10     | Entered Level 10 of the Dungeon
  7168 | D:10     | Noticed Erica
  7181 | D:10     | Killed Erica
  7191 | D:10     | Found a flagged portal.
  7208 | Bailey   | Entered a bailey
  7878 | D:10     | Reached ** piety under the Shining One
  8074 | D:11     | Noticed a death yak
  8127 | D:11     | Reached XP level 11. HP: 85/98 MP: 14/14
  8194 | D:11     | Found a staircase to the Lair.
  8264 | D:11     | Noticed a death yak
  8292 | D:11     | Killed a death yak
  8293 | D:11     | Reached skill level 10 in Maces & Flails
  8400 | D:11     | Noticed a rakshasa
  8418 | D:11     | Killed a rakshasa
  8567 | D:11     | Noticed a green ugly thing
  8571 | D:11     | Killed a green ugly thing
  8572 | D:11     | Identified the serpent talisman of Lawam {rPois rC- rN+
                  | Int+4}
  8706 | D:11     | Reached skill level 10 in Armour
  8832 | D:11     | Noticed a two-headed ogre
  8839 | D:11     | Killed a two-headed ogre
  8868 | D:11     | Noticed a death yak
  8872 | D:11     | Killed a death yak
  8873 | D:11     | Reached skill level 5 in Invocations
  8876 | D:11     | HP: 4/100 [death yak (12)]
  8878 | D:11     | Killed a death yak
  9075 | D:11     | Found a staircase to the Orcish Mines.
  9123 | D:11     | Found a portal to a secret trove of treasure.
  9232 | D:14     | Identified the "Ranir"
  9232 | Lair:1   | Entered Level 1 of the Lair of Beasts
  9232 | Lair:1   | Noticed a death yak
  9232 | Lair:1   | Noticed a death yak
  9234 | Lair:1   | Noticed a death yak
  9236 | Lair:1   | Noticed a death yak
  9236 | Lair:1   | Noticed a death yak
  9242 | D:11     | Killed a death yak
  9248 | Lair:1   | Noticed a death yak
  9255 | D:11     | Killed a death yak
  9360 | D:11     | Killed a death yak
  9361 | D:11     | Reached skill level 11 in Maces & Flails
  9483 | D:11     | Killed a death yak
  9490 | D:11     | Killed a death yak
  9497 | D:11     | Reached XP level 12. HP: 34/109 MP: 16/16
  9700 | Lair:1   | Killed a death yak
  9865 | Lair:1   | Noticed Amaemon
  9870 | Lair:1   | Killed Amaemon
  9877 | Lair:1   | Reached skill level 10 in Shields
 10698 | Lair:2   | Found a frozen archway.
 10704 | Lair:2   | Reached *** piety under the Shining One
 10844 | IceCv    | Entered an ice cave
 10938 | IceCv    | Noticed a quicksilver ooze
 10951 | IceCv    | Killed a quicksilver ooze
 11412 | IceCv    | Reached skill level 12 in Maces & Flails
 11571 | IceCv    | Reached **** piety under the Shining One
 12213 | IceCv    | Noticed a quicksilver ooze
 12219 | IceCv    | Killed a quicksilver ooze
 12304 | IceCv    | Noticed an azure jelly
 12308 | IceCv    | Noticed an azure jelly
 12311 | IceCv    | Demolished by an azure jelly

Illustrated notes

Levels and vault maps discovered:
D:1:      ncdulo_halloftheorcs, layout_loops_ring
D:2:      layout_loops_cross, serial_forest, infiniplex_forest_straight_2,
          infiniplex_forest_straight_2, infiniplex_forest_zigzag_1,
          infiniplex_forest_lined_ring, infiniplex_forest_lined_3_way,
          infiniplex_forest_clump_long, infiniplex_forest_clump_C,
          infiniplex_forest_straight_2
D:3:      layout_basic
D:4:      layout_basic, serial_shops, nicolae_shop_real_fake_doors
D:5:      layout_cave_pools, grunt_temple_overflow_champion_of_chaos,
          minmay_temple_entry_stoned_glass
D:6:      layout_loops_ring, kennysheep_mini, serial_shops,
          nicolae_shop_industrial_runoff
D:7:      layout_rooms, gammafunk_temple_overflow_elements, uniq_prince_ribbit1
D:8:      layout_loops_ring, cheibriados_altar_1
D:9:      layout_basic, general_overflow_altar, grunt_temple_overflow_diamond
D:10:     layout_rooms, enter_bailey_4, uniq_erica
D:11:     layout_cave_pools, dpeg_lair_monsters, nicolae_trove_entry_diagonal,
          nicolae_benzene_ring
Temple:   hellmonk_temple_two_chambers
Lair:1:   layout_long_grid, uniq_amaemon
Lair:2:   layout_cave_pods, portal_ice_cave_demonic_guard, special_room
          [special_room_bee], grunt_forest_large_clearings
IceCv:    ice_cave_hellmonk_azure_passage

Skill      XL: |  1  2  3  4  5  6  7  8  9 10 11 12 |
---------------+-------------------------------------+-----
Maces & Flails | 2 3 4 5 7 8 9 11 12 | 12.3
Armour         | 4 5 6 7 8 9 10 11 | 11.7
Fighting       | 3 4 5 6 7 8 9 |  9.1
Shields        | 4 5 6 7 8 9 10 | 10.6
Invocations    | 2 4 5 7 |  7.0

Action                     |  1- 3 |  4- 6 |  7- 9 | 10-12 || total
---------------------------+-------+-------+-------+-------++-------
  Melee: Flail             |    96 |   147 |   178 |   393 ||   814
         Tailslap          |     8 |    18 |    26 |    72 ||   124
  Throw: Dart              |       |       |     2 |       ||     2
         Boomerang         |       |       |       |     7 ||     7
 Invoke: Divine Shield     |       |       |       |     3 ||     3
    Use: Scroll            |       |     7 |     5 |     5 ||    17
         Potion            |       |       |     2 |     5 ||     7
 Armour: Scale mail        |    73 |    40 |       |       ||   113
         Chain mail        |       |    79 |       |       ||    79
         Plate armour      |       |    30 |   155 |   412 ||   597
  Dodge: Dodged            |    34 |    41 |    45 |   102 ||   222
  Block: Buckler           |    15 |    33 |    11 |       ||    59
         Tower shield      |       |       |   124 |   383 ||   507

Table legend: (Time is in decaauts)
 A = Elapsed time spent in this place.
 B = Non-inter-level travel time spent in this place.
 C = Inter-level travel time spent in this place.
 D = Time resting spent in this place.
 E = Time spent auto-exploring this place.
 F = Levels seen in this place.
 G = Mean time per level.
                   A        B        C        D        E       F      G
               +--------+--------+--------+--------+--------+-----+--------+
         Total |  12655 |  12142 |    513 |    654 |   9232 |  16 |  790.9 |
       Dungeon |   9530 |   9068 |    462 |    476 |   6959 |  11 |  866.4 |
        Temple |     65 |     49 |     16 |     47 |      0 |   1 |   65.0 |
          Lair |   1202 |   1167 |     35 |      0 |    943 |   2 |  601.0 |
        Bailey |    360 |    360 |      0 |      0 |    221 |   1 |  360.0 |
      Ice Cave |   1496 |   1496 |      0 |    131 |   1109 |   1 | 1496.0 |
               +--------+--------+--------+--------+--------+-----+--------+

Top non-repeatable levels by time:
    D:11: 1640 daAuts
   IceCv: 1496 daAuts
     D:4: 1336 daAuts
  Lair:1: 1088 daAuts
     D:6: 990 daAuts
     D:3: 800 daAuts
     D:9: 791 daAuts
     D:1: 682 daAuts
    D:10: 668 daAuts
     D:5: 665 daAuts
     D:8: 661 daAuts
     D:2: 661 daAuts
     D:7: 632 daAuts
  Bailey: 360 daAuts
  Lair:2: 114 daAuts
